 Dungeon Crawl Stone Soup version 0.23-a0-539-g3f6f39f (webtiles) character file.

371 Lavandula the Cutter (level 7, -5/43 HPs)
             Began as a Halfling Enchanter on Dec 7, 2018.
             Was an Initiate of Vehumet.
             Killed from afar by Grinder (6 damage)
             ... with a wand of flame (7)
             ... on level 4 of the Dungeon.
             The game lasted 00:11:36 (1840 turns).

Lavandula the Cutter (Halfling Enchanter)           Turns: 1840, Time: 00:11:37

Health: -5/43      AC:  3    Str:  8 (9)  XL:     7   Next: 2%
Magic:  2/9        EV: 15    Int: 16 (17) God:    Vehumet [......]
Gold:   95         SH:  0    Dex: 15      Spells: 3/9 levels left

rFire    . . .     SeeInvis +   m - +2 dagger (speed)
rCold    . . .     Gourm    .   (shield restricted)
rNeg     . . .     Faith    .   b - +0 robe
rPois    .         Spirit   .   n - +0 helmet
rElec    .         Reflect  .   (no cloak)
rCorr    .         Harm     .   (no gloves)
MR       .....                  (no boots)
Stlth    ++........             (no amulet)
HPRegen  0.14/turn              c - ring of see invisible
MPRegen  0.11/turn              (no ring)

@: very slightly contaminated
A: small, clever 1, mutation resistance 1
a: Renounce Religion


You were on level 4 of the Dungeon.
You worshipped Vehumet.
Vehumet was noncommittal.
You were hungry.

You visited 2 branches of the dungeon, and saw 6 of its levels.

You collected 95 gold pieces.

Inventory:

Hand Weapons
 f - a +0 hunting sling
 m - a +2 dagger of speed (weapon)
Missiles
 h - 12 sling bullets
 i - 83 stones (quivered)
Armour
 b - a +0 robe (worn)
 n - a +0 helmet (worn)
Jewellery
 c - a ring of see invisible (left hand)
Wands
 e - a wand of flame (19)
Scrolls
 a - 3 scrolls of identify
 g - a scroll of remove curse
 j - a scroll of immolation {unknown}
 k - 2 scrolls of teleportation {unknown}
 l - a scroll of enchant armour {unknown}
Comestibles
 d - 6 rations


   Skills:
 - Level 1.3 Fighting
 + Level 6.1 Short Blades
 - Level 5.2 Slings
 - Level 2.1 Dodging
 - Level 3.2 Stealth
 - Level 1.5 Spellcasting
 - Level 2.4 Hexes


You had 3 spell levels left.
You knew the following spells:

 Your Spells              Type           Power        Failure   Level  Hunger
a - Corona                Hex            #......      9%          1    ##.....
b - Ensorcelled Hibernat  Hex/Ice        #.....       21%         2    ###....
c - Dazzling Spray        Conj/Hex       #.....       36%         3    ####...

Your spell library contained the following spells:

 Spells                   Type           Power        Failure   Level  Hunger
 Confuse                  Hex            #.......     24%         3    ####...
 Tukima's Dance           Hex            #.......     24%         3    ####...


Dungeon Overview and Level Annotations

Branches:
Dungeon (5/15)             Temple (1/1) D:4

Altars:
Cheibriados
Makhleb
Sif Muna
Uskayaw
Vehumet
Yredelemnul

Annotations:
D:4 Grinder


Innate Abilities, Weirdness & Mutations

You are small and have problems with some larger weapons.
You are somewhat resistant to further mutation.
Your mind is acute. (Int +2)


Message History

Grinder is no longer blind.
The orc hits you with a +0 hand axe. Grinder barely misses you.
You hit Grinder.
Grinder is moderately wounded.
Grinder zaps a wand.
The puff of flame hits you! Grinder gestures at you.
You suddenly lose the ability to move!
Grinder zaps a wand.
The puff of flame hits you!
* * * LOW HITPOINT WARNING * * *
The orc hits you with a +0 hand axe.
* * * LOW HITPOINT WARNING * * *
Grinder zaps a wand.
The puff of flame hits you!
* * * LOW HITPOINT WARNING * * *
The orc barely misses you. The orc hits you with a +0 hand axe.
* * * LOW HITPOINT WARNING * * *
You can move again.
Unknown command.
Grinder zaps a wand.
The puff of flame hits you!
You die...

#[...# #####....#
#....###########.)......#
#.....)..........###....#
#############...##.#....######
##...#.##..........
##.....##...########
#..##5o....## #.##.#...#.#
#.#.##@.##.# #.###..###.#
#.....## #.# ...... ..# ######
##


You could see Grinder and an orc.

Vanquished Creatures
  A scorpion (D:4)
  A jelly (D:5)
  A hound (D:4)
  A centaur skeleton (D:4)
  Natasha (D:4)
  Ijyb (D:2)
  2 orc wizards
  4 gnolls
  2 adders
  An ooze (D:2)
  A worm (D:2)
  2 dart slugs (D:1)
  2 leopard geckos
  11 orcs
  A giant cockroach (D:1)
  3 goblins
  4 hobgoblins
  2 jackals (D:4)
  2 quokkas
  A ball python (D:2)
  8 bats
  A frilled lizard (D:4)
  5 kobolds
  5 rats
63 creatures vanquished.

Notes
Turn   | Place    | Note
-------+----------+-------------------------------------------
     0 | D:1      | Lavandula the Halfling Enchanter began the quest for the
                  | Orb.
     0 | D:1      | Reached XP level 1. HP: 11/11 MP: 3/3
    70 | D:1      | Reached skill level 2 in Short Blades
   136 | D:1      | Reached XP level 2. HP: 17/17 MP: 4/4
   153 | D:1      | Reached skill level 1 in Slings
   184 | D:1      | Learned a level 2 spell: Ensorcelled Hibernation
   510 | D:1      | Reached XP level 3. HP: 18/21 MP: 5/5
   733 | D:2      | Reached XP level 4. HP: 27/27 MP: 3/6
   784 | D:3      | Noticed Ijyb
   862 | D:2      | Killed Ijyb
   862 | D:2      | Reached skill level 5 in Slings
   997 | D:4      | Gained mutation: Your mind is acute. (Int +2) [potion of
                  | mutation]
  1031 | D:4      | Reached skill level 3 in Short Blades
  1031 | D:4      | Reached XP level 5. HP: 31/31 MP: 4/7
  1044 | D:5      | Entered Level 5 of the Dungeon
  1085 | D:5      | Reached skill level 4 in Short Blades
  1135 | D:4      | Reached XP level 6. HP: 7/36 MP: 1/8
  1150 | D:4      | Reached skill level 5 in Short Blades
  1307 | D:4      | Reached skill level 1 in Fighting
  1536 | D:4      | Found a staircase to the Ecumenical Temple.
  1558 | Temple   | Entered the Ecumenical Temple
  1569 | Temple   | Became a worshipper of Vehumet
  1740 | D:4      | Learned a level 3 spell: Dazzling Spray
  1802 | D:4      | Noticed Natasha
  1810 | D:4      | Noticed Grinder
  1812 | D:4      | Killed Natasha
  1812 | D:4      | Reached skill level 6 in Short Blades
  1812 | D:4      | Reached XP level 7. HP: 33/43 MP: 6/9
  1836 | D:4      | Paralysed by Grinder for 4 turns
  1838 | D:4      | HP: 2/43 [Grinder/wand of flame (8) (4)]
  1840 | D:4      | Killed from afar by Grinder

Vault maps used:
D:1:      wander_arrival_fairy_ring, minmay_tree_intersection,
          chequers_serial_rivers_micro_d
D:2:      item_on_display_a
D:3:      first_ration, nicolae_ru_great_annihilating_truth, uniq_ijyb
D:4:      kennysheep_little_box, minmay_temple_entry_overgrown, minmay_bisected,
          uniq_natasha, uniq_grinder
D:5:      gammafunk_temple_overflow_statue
Temple:   dshaligram_water_room_temple

Skill      XL: |  1  2  3  4  5  6 |
---------------+-------------------+-----
Short Blades   | 2 3 4 6 |  6.1
Slings         | 2 4 5 |  5.2
Fighting       | 1 |  1.3
Dodging        | |  2.1
Stealth        | |  3.2
Spellcasting   | |  1.5
Hexes          | |  2.4

Action                   |  1- 3 |  4- 6 |  7- 9 || total
-------------------------+-------+-------+-------++-------
Melee: Dagger            |    40 |   107 |     9 ||   156
 Fire: Hunting sling     |    55 |     6 |       ||    61
 Cast: Corona            |     7 |     1 |       ||     8
       Ensorcelled Hiber |     3 |    31 |       ||    34
       Dazzling Spray    |       |       |     1 ||     1
Evoke: Wand              |       |     9 |       ||     9
  Use: Scroll            |       |     3 |       ||     3
       Potion            |       |     7 |       ||     7
 Stab: Sleeping          |     5 |    18 |       ||    23
  Eat: Chunk             |       |     6 |       ||     6
Armor: Robe              |    12 |    18 |       ||    30
       Skin              |       |     6 |       ||     6
Dodge: Dodged            |    44 |    49 |     4 ||    97

Table legend:
 A = Non-vault XP
 B = Vault XP
 C = Vault XP percentage of total XP
 D = Non-vault monster count
 E = Vault monster count
 F = Vault count percentage of total count
                 A         B        C        D         E       F
            +---------+---------+-------+---------+---------+-------
      Total |     458 |      73 |  13.7 |      61 |       2 |   3.2
            +---------+---------+-------+---------+---------+-------
        D:1 |      39 |       0 |   0.0 |      20 |       0 |   0.0
        D:2 |      40 |      36 |  47.4 |      13 |       1 |   7.1
        D:3 |       3 |       0 |   0.0 |       2 |       0 |   0.0
        D:4 |     275 |      37 |  11.9 |      21 |       1 |   4.5
        D:5 |     101 |       0 |   0.0 |       5 |       0 |   0.0
            +---------+---------+-------+---------+---------+-------
